 Dungeon Crawl Stone Soup version 0.32-a0-314-g526f7d4993 (console) character file.

Game seed: 1409887604263266694

7309 jejorda2 the Cleaver (level 11, -2/89 HPs)
             Began as a Gnoll Berserker on Feb 15, 2024.
             Was a High Priest of Trog.
             Killed from afar by a molten gargoyle (10 damage)
             ... with a bolt of magma
             ... on level 9 of the Dungeon.
             The game lasted 00:25:50 (9058 turns).

jejorda2 the Cleaver (Gnoll Berserker)              Turns: 9058, Time: 00:25:50

Health: -2/89      AC: 26    Str: 21    XL:     11   Next: 13%
Magic:  20/20      EV: 16    Int:  6    God:    Trog [*****.]
Gold:   529        SH:  0    Dex: 12    Spells: 22/22 levels left

rFire   . . .        a - +0 war axe (flame)
rCold   + . .        (no shield)
rNeg    . . .        K - +5 chain mail of Gestrir {rC+ Stlth+}
rPois   .            r - +2 helmet {SInv}
rElec   .            n - +2 cloak {Will+}
rCorr   +            j - +0 pair of gloves
SInv    +            y - +1 pair of boots
Will    +....        (no amulet)
Stlth   +            B - +5 ring of evasion
HPRegen 0.34/turn    w - ring of resist corrosion
MPRegen 0.17/turn

%: no passive effects
@: no status effects
A: fangs 1, strong nose, distributed training
a: Renounce Religion, Berserk, Trog's Hand, Brothers in Arms


You were on level 9 of the Dungeon.
You worshipped Trog.
Trog was extremely pleased with you.
You visited 1 branch of the dungeon, and saw 9 of its levels.
You also visited: Sewer, Ossuary and Bailey.

You collected 529 gold pieces.

Inventory:

Hand Weapons
 a - a +0 war axe of flaming (weapon)
 L - a +0 war axe
Missiles
 i - 5 boomerangs
 k - 29 poisoned darts (quivered)
 u - a throwing net
 G - 2 curare-tipped darts
Armour
 j - a +0 pair of gloves (worn)
 n - a +2 cloak of willpower (worn)
 r - a +2 helmet of see invisible (worn)
 y - a +1 pair of boots (worn)
 K - the +5 chain mail of Gestrir (worn) {rC+ Stlth+}
   (You found it on level 8 of the Dungeon)

   rC+:       It protects you from cold.
   Stlth+:    It makes you more stealthy.
Jewellery
 w - a ring of resist corrosion (right hand)
 B - a +5 ring of evasion (left hand)
Wands
 s - a wand of flame (15)
 t - a wand of polymorph (13)
Scrolls
 e - 3 scrolls of fear
 m - 2 scrolls of fog
 p - 2 scrolls of enchant weapon
 v - 3 scrolls of teleportation
 x - a scroll of immolation
 F - a scroll of blinking
 J - a scroll of poison
Potions
 b - 3 potions of enlightenment
 c - 5 potions of invisibility
 f - 4 potions of cancellation
 g - 4 potions of mutation {unknown}
 h - a potion of ambrosia {unknown}
 l - 7 potions of curing
 o - 6 potions of heal wounds
 q - 2 potions of attraction {unknown}
 z - 4 potions of resistance {unknown}
 A - 3 potions of magic {unknown}
 C - 4 potions of might
 D - 4 potions of haste {unknown}
 E - 2 potions of lignification {unknown}
 H - 4 potions of brilliance {unknown}
 I - a potion of berserk rage {unknown}


   Skills:
 + Level 9.1 Fighting
 + Level 6.2 Short Blades
 + Level 6.2 Long Blades
 + Level 9.1 Axes
 + Level 6.2 Maces & Flails
 + Level 6.2 Polearms
 + Level 6.2 Staves
 + Level 6.2 Ranged Weapons
 + Level 6.2 Throwing
 + Level 7.8 Armour
 + Level 7.8 Dodging
 + Level 6.2 Stealth
 + Level 6.2 Shields
 + Level 6.2 Unarmed Combat
 + Level 6.2 Spellcasting
 + Level 5.1 Conjurations
 + Level 5.1 Hexes
 + Level 5.1 Summonings
 + Level 5.1 Necromancy
 + Level 5.1 Translocations
 + Level 5.1 Fire Magic
 + Level 5.1 Ice Magic
 + Level 5.1 Air Magic
 + Level 5.1 Earth Magic
 + Level 5.1 Alchemy
 + Level 6.8 Invocations
 + Level 6.2 Evocations
 + Level 5.6 Shapeshifting


You had 22 spell levels left.
You didn't know any spells.
Your spell library was empty.

Dungeon Overview and Level Annotations

Branches:
Dungeon (9/15)             Temple (0/1) D:4            Lair (0/5) D:8
  Sewer (visited)         Ossuary (visited)          Bailey (visited)
    Orc: D:9-12

Altars:
Cheibriados
Dithmenos
Kikubaaqudgha
Makhleb
Nemelex Xobeh
Trog
Wu Jian
Beogh

Shops:
D:3 =   D:5 =


Innate Abilities, Weirdness & Mutations

You have very sharp teeth.
Your uncanny sense of smell can sniff out nearby items.
Your experience applies equally to all skills.


Message History

The bolt of magma misses you.
You hit the molten gargoyle.
The molten gargoyle is lightly damaged.
The molten gargoyle barely misses you.
You slash the molten gargoyle!
The molten gargoyle is moderately damaged.
The molten gargoyle hits you with a +0 mace!
You are engulfed in flames!
You slash the molten gargoyle!
You bite the molten gargoyle, but do no damage.
The molten gargoyle is severely damaged.
The molten gargoyle closely misses you.
You hit the molten gargoyle.
The molten gargoyle is almost destroyed.
The molten gargoyle blasts magma at you!
The bolt of magma misses you.
You hit the molten gargoyle but do no damage.
The molten gargoyle is almost destroyed.
The molten gargoyle misses you.
You hit the molten gargoyle.
The molten gargoyle is almost destroyed.
The molten gargoyle blasts magma at you!
The bolt of magma hits you!!
You are too injured to fight recklessly!
You hit the molten gargoyle but do no damage.
The molten gargoyle is almost destroyed.
The molten gargoyle blasts magma at you!
The bolt of magma hits you!
* * * LOW HITPOINT WARNING * * *
You hit the molten gargoyle but do no damage.
The molten gargoyle is almost destroyed.
The molten gargoyle hits you with a +0 mace!
* * * LOW HITPOINT WARNING * * *
You are engulfed in flames!
* * * LOW HITPOINT WARNING * * *
You closely miss the molten gargoyle.
The molten gargoyle is almost destroyed.
The molten gargoyle blasts magma at you!
The bolt of magma hits you!
You die...

.....>+..<.....# ∆ .. .
bb#####........# !..# ..#
#......[.# #.#.#. ###
########## #.#.#.# # ...≈.≈.
##### ## .≈≈≈§≈≈
....############## #.#.≈≈§≈§§
....'..........).####..≈≈ßߧ§
..b.############@##..#.≈≈ßß≈§
....# #.9.'#.≈≈≈≈≈≈≈ ....#
#####.#.9≈≈≈≈§ ....#
#...≈(≈.. ....# #.#.#.#.
....# #.#.#.# ....# ......
####


You could see a molten gargoyle.

Vanquished Creatures
  Gastronok (D:8)
  Joseph (D:7)
  2 molten gargoyles (D:9)
  A kobold demonologist (D:8)
  A troll (D:9)
  Sigmund (D:3)
  A wyvern (D:8)
  A yak (D:8)
  A shadow (D:9)
  A basilisk (D:8)
  A water moccasin (D:6)
  Pargi (D:3)
  A black bear (D:8)
  An ogre (D:5)
  5 orc warriors
  2 sky beasts
  A crocodile (Sewer)
  2 centaurs
  2 kobold brigands
  A bullfrog (D:8)
  A gnoll sergeant (D:7)
  11 scorpions
  5 wights (D:8)
  A howler monkey (D:6)
  A centaur zombie (Ossuary)
  3 jellies
  3 bombardier beetles
  2 hounds
  A gnoll bouda (D:6)
  4 orc priests
  An iguana (D:7)
  Crazy Yiuf (D:2)
  Ijyb (D:3)
  4 orc wizards
  4 scorpion zombies (Ossuary)
  3 mummies (Ossuary)
  Robin (D:3)
  18 gnolls
  8 adders
  6 river rats
  A shadow imp (D:6)
  3 white imps
  2 ufetubi (D:5)
  4 adder zombies (Ossuary)
  3 dart slugs
  2 ribbon worms (D:8)
  69 orcs
  9 ball pythons
  11 endoplasms
  A giant cockroach (D:2)
  3 gnoll zombies (Ossuary)
  24 goblins
  19 hobgoblins
  7 jackals
  20 kobolds
  2 quokkas (D:4)
  3 ball python zombies (Ossuary)
  9 bats
  3 frilled lizards
  A jackal zombie (Ossuary)
  2 orc zombies (Ossuary)
  13 rats
318 creatures vanquished.

Notes
Turn   | Place    | Note
-------+----------+-------------------------------------------
     0 | D:1      | jejorda2 the Gnoll Berserker began the quest for the Orb.
     0 | D:1      | Reached XP level 1. HP: 23/23 MP: 1/1
   117 | D:1      | Reached XP level 2. HP: 29/29 MP: 2/2
   271 | D:1      | Reached XP level 3. HP: 35/35 MP: 2/4
   349 | D:1      | Reached skill level 1 in Invocations
   553 | D:1      | Reached skill level 1 in Short Blades
   553 | D:1      | Reached skill level 1 in Long Blades
   553 | D:1      | Reached skill level 1 in Maces & Flails
   553 | D:1      | Reached skill level 1 in Polearms
   553 | D:1      | Reached skill level 1 in Staves
   553 | D:1      | Reached skill level 1 in Ranged Weapons
   553 | D:1      | Reached skill level 1 in Throwing
   553 | D:1      | Reached skill level 1 in Stealth
   553 | D:1      | Reached skill level 1 in Shields
   553 | D:1      | Reached skill level 1 in Unarmed Combat
   553 | D:1      | Reached skill level 1 in Spellcasting
   553 | D:1      | Reached skill level 1 in Evocations
   770 | D:2      | Reached skill level 1 in Shapeshifting
   770 | D:2      | Reached XP level 4. HP: 38/41 MP: 5/5
   791 | D:2      | Reached ** piety under Trog
   867 | D:2      | Found a runed translucent door.
   868 | D:2      | Noticed Crazy Yiuf
   877 | D:2      | Killed Crazy Yiuf
   878 | D:2      | Reached skill level 1 in Conjurations
   878 | D:2      | Reached skill level 1 in Hexes
   878 | D:2      | Reached skill level 1 in Summonings
   878 | D:2      | Reached skill level 1 in Necromancy
   878 | D:2      | Reached skill level 1 in Translocations
   878 | D:2      | Reached skill level 1 in Fire Magic
   878 | D:2      | Reached skill level 1 in Ice Magic
   878 | D:2      | Reached skill level 1 in Air Magic
   878 | D:2      | Reached skill level 1 in Earth Magic
   878 | D:2      | Reached skill level 1 in Alchemy
  1080 | D:2      | Reached XP level 5. HP: 47/47 MP: 7/7
  1550 | D:3      | Noticed Robin
  1589 | D:3      | Killed Robin
  1752 | D:3      | Reached *** piety under Trog
  1784 | D:3      | Noticed Ijyb
  1799 | D:3      | Noticed Sigmund
  1807 | D:3      | Killed Ijyb
  1808 | D:3      | Reached XP level 6. HP: 53/53 MP: 8/8
  1815 | D:3      | Killed Sigmund
  1816 | D:3      | Reached skill level 5 in Armour
  1816 | D:3      | Reached skill level 5 in Dodging
  2000 | D:3      | Found Qoame's Jewellery Shop.
  2258 | D:3      | Noticed Pargi
  2271 | D:3      | Killed Pargi
  2272 | D:3      | Reached XP level 7. HP: 60/60 MP: 10/10
  2395 | D:4      | Found a sand-covered staircase.
  2401 | Ossuary  | Entered an ossuary
  2752 | Ossuary  | Reached XP level 8. HP: 63/67 MP: 12/12
  3114 | D:4      | Found a staircase to the Ecumenical Temple.
  3586 | D:5      | Entered Level 5 of the Dungeon
  3891 | D:5      | Reached **** piety under Trog
  4352 | D:5      | Found Feaxza's One-of-a-Kind Rings.
  4467 | D:6      | Found an ornate altar of the Wu Jian Council.
  4467 | D:6      | Found an ancient bone altar of Kikubaaqudgha.
  4511 | D:6      | Reached XP level 9. HP: 73/73 MP: 14/14
  4601 | D:6      | Found a glowing drain.
  4617 | Sewer    | Entered a sewer
  5242 | D:6      | Found a sparkling altar of Nemelex Xobeh.
  5670 | D:6      | Found a snail-covered altar of Cheibriados.
  5674 | D:6      | Found a burning altar of Makhleb.
  5675 | D:6      | Found a shadowy altar of Dithmenos.
  5952 | D:7      | Reached skill level 5 in Invocations
  5964 | D:7      | Found a flagged portal.
  5973 | Bailey   | Entered a bailey
  6069 | Bailey   | Reached ***** piety under Trog
  6834 | D:7      | Noticed Joseph
  6850 | D:7      | Killed Joseph
  6851 | D:7      | Reached skill level 5 in Short Blades
  6851 | D:7      | Reached skill level 5 in Long Blades
  6851 | D:7      | Reached skill level 5 in Maces & Flails
  6851 | D:7      | Reached skill level 5 in Polearms
  6851 | D:7      | Reached skill level 5 in Staves
  6851 | D:7      | Reached skill level 5 in Ranged Weapons
  6851 | D:7      | Reached skill level 5 in Throwing
  6851 | D:7      | Reached skill level 5 in Stealth
  6851 | D:7      | Reached skill level 5 in Shields
  6851 | D:7      | Reached skill level 5 in Unarmed Combat
  6851 | D:7      | Reached skill level 5 in Spellcasting
  6851 | D:7      | Reached skill level 5 in Evocations
  6851 | D:7      | Reached XP level 10. HP: 41/82 MP: 17/17
  7026 | D:7      | Identified the +2 scale mail of Action {Will+ SInv}
  7228 | D:8      | Found a staircase to the Lair.
  7334 | D:8      | Noticed Gastronok
  7351 | D:8      | Killed Gastronok
  7352 | D:8      | Reached skill level 5 in Shapeshifting
  7470 | D:8      | Identified the +5 chain mail of Gestrir {rC+ Stlth+}
  7496 | D:8      | Noticed a kobold demonologist
  7515 | D:8      | Noticed a sun demon
  7517 | D:8      | Killed a kobold demonologist
  7594 | D:8      | Received a gift from Trog
  8001 | D:8      | Noticed a moth of wrath
  8141 | D:8      | Found a bloodstained altar of Trog.
  8529 | D:9      | Reached skill level 5 in Conjurations
  8529 | D:9      | Reached skill level 5 in Hexes
  8529 | D:9      | Reached skill level 5 in Summonings
  8529 | D:9      | Reached skill level 5 in Necromancy
  8529 | D:9      | Reached skill level 5 in Translocations
  8529 | D:9      | Reached skill level 5 in Fire Magic
  8529 | D:9      | Reached skill level 5 in Ice Magic
  8529 | D:9      | Reached skill level 5 in Air Magic
  8529 | D:9      | Reached skill level 5 in Earth Magic
  8529 | D:9      | Reached skill level 5 in Alchemy
  8551 | D:9      | Reached XP level 11. HP: 89/89 MP: 20/20
  8632 | D:9      | Found a roughly hewn altar of Beogh.
  9058 | D:9      | Killed from afar by a molten gargoyle

Illustrated notes

Levels and vault maps discovered:
D:1:      lightli_arrival_flooded_house, layout_loops_ring, grunt_decor_cap,
          chequers_serial_rivers_micro_e
D:2:      layout_loops_ring, uniq_crazy_yiuf_cottage
D:3:      layout_basic, serial_shops, nicolae_shop_pleasant_corner_grove,
          uniq_ijyb, uniq_sigmund, uniq_robin, uniq_pargi
D:4:      layout_loops_ring, temple_fountains, nicolae_ossuary_entry_plus
D:5:      layout_loops_ring, nicolae_shop_unique_rings, minmay_ogre_servants
D:6:      layout_basic, nemelex_altar_shiori, grunt_temple_overflow_open,
          portal_sewer_entry_b
D:7:      layout_rooms, enter_bailey_3, uniq_joseph
D:8:      layout_basic, tgw_trog, david_lair_generic,
          nicolae_elevator_lobby_plus, uniq_gastronok
D:9:      layout_roguey [special_room_orc], serial_shops, shop, minivault_8

Skill      XL: |  1  2  3  4  5  6  7  8  9 10 |
---------------+-------------------------------+-----
Invocations    | 1 2 3 4 5 6 |  6.8
Short Blades   | 1 2 3 5 6 |  6.2
Long Blades    | 1 2 3 5 6 |  6.2
Maces & Flails | 1 2 3 5 6 |  6.2
Polearms       | 1 2 3 5 6 |  6.2
Staves         | 1 2 3 5 6 |  6.2
Ranged Weapons | 1 2 3 5 6 |  6.2
Throwing       | 1 2 3 5 6 |  6.2
Stealth        | 1 2 3 5 6 |  6.2
Shields        | 1 2 3 5 6 |  6.2
Unarmed Combat | 1 2 3 5 6 |  6.2
Spellcasting   | 1 2 3 5 6 |  6.2
Evocations     | 1 2 3 5 6 |  6.2
Shapeshifting  | 1 2 3 4 5 |  5.6
Conjurations   | 1 2 3 4 5 |  5.1
Hexes          | 1 2 3 4 5 |  5.1
Summonings     | 1 2 3 4 5 |  5.1
Necromancy     | 1 2 3 4 5 |  5.1
Translocations | 1 2 3 4 5 |  5.1
Fire Magic     | 1 2 3 4 5 |  5.1
Ice Magic      | 1 2 3 4 5 |  5.1
Air Magic      | 1 2 3 4 5 |  5.1
Earth Magic    | 1 2 3 4 5 |  5.1
Alchemy        | 1 2 3 4 5 |  5.1
Armour         | 5 6 7 |  7.8
Dodging        | 5 6 7 |  7.8
Fighting       | 7 8 9 |  9.1
Axes           | 7 8 9 |  9.1

Action                     |  1- 3 |  4- 6 |  7- 9 | 10-12 || total
---------------------------+-------+-------+-------+-------++-------
  Melee: Hand axe          |    61 |   207 |   778 |       ||  1046
         Bite              |     4 |    22 |   102 |    27 ||   155
         War axe           |       |       |    59 |   243 ||   302
         Halberd           |       |       |    17 |       ||    17
  Throw: Dart              |       |       |     5 |    10 ||    15
 Invoke: Berserk           |       |     3 |     6 |     4 ||    13
         Trog's Hand       |       |     1 |     3 |     1 ||     5
    Use: Scroll            |       |       |    20 |     2 ||    22
         Potion            |       |       |     1 |       ||     1
   Stab: Sleeping          |     3 |     2 |       |     1 ||     6
 Armour: Animal skin       |     8 |       |       |       ||     8
         Leather armour    |    11 |    54 |       |       ||    65
         Scale mail        |       |    28 |       |       ||    28
         Chain mail        |       |    37 |   309 |   108 ||   454
         Plate armour      |       |       |   171 |    19 ||   190
  Dodge: Dodged            |    47 |   101 |   509 |   190 ||   847

Table legend: (Time is in decaauts)
 A = Elapsed time spent in this place.
 B = Non-inter-level travel time spent in this place.
 C = Inter-level travel time spent in this place.
 D = Time resting spent in this place.
 E = Time spent auto-exploring this place.
 F = Levels seen in this place.
 G = Mean time per level.
                   A        B        C        D        E       F      G
               +--------+--------+--------+--------+--------+-----+--------+
         Total |   9149 |   8920 |    229 |    665 |   5336 |  12 |  762.4 |
       Dungeon |   7454 |   7225 |    229 |    516 |   4675 |   9 |  828.2 |
         Sewer |    529 |    529 |      0 |     21 |    184 |   1 |  529.0 |
       Ossuary |    661 |    661 |      0 |    128 |    161 |   1 |  661.0 |
        Bailey |    504 |    504 |      0 |      0 |    315 |   1 |  504.0 |
               +--------+--------+--------+--------+--------+-----+--------+

Top non-repeatable levels by time:
     D:8: 1044 daAuts
     D:6: 986 daAuts
     D:3: 931 daAuts
     D:5: 877 daAuts
     D:7: 825 daAuts
     D:9: 797 daAuts
     D:1: 724 daAuts
     D:2: 703 daAuts
 Ossuary: 661 daAuts
     D:4: 563 daAuts
   Sewer: 529 daAuts
  Bailey: 504 daAuts
